 Dungeon Crawl Stone Soup version 0.28-a0-1184-g53156a8862 (webtiles) character file.

Game seed: 13585810002717855920

175 kae the Changer (level 5, 0/40 HPs)
             Began as a Draconian Transmuter on Dec 17, 2021.
             Succumbed to a hornet's poison
             ... on level 3 of the Dungeon.
             The game lasted 00:02:31 (4540 turns).

kae the Changer (Draconian Transmuter)              Turns: 4540, Time: 00:02:31

Health: 0/40       AC:  9    Str: 14    XL:     5   Next: 29%
Magic:  9/9        EV: 12    Int: 14    God:
Gold:   89         SH:  0    Dex: 11    Spells: 2/10 levels left

rFire   . . .      SeeInvis .     - Unarmed
rCold   . . .      Faith    .   (no shield)
rNeg    . . .      Spirit   .   (armour unavailable)
rPois   .          Reflect  .   (helmet restricted)
rElec   .          Harm     .   (no cloak)
rCorr   .          Rampage  .   (no gloves)
Will    +....                   (no boots)
Stlth   +.........              (no amulet)
HPRegen 0.13/turn               b - ring of willpower
MPRegen 0.11/turn               g - +4 ring of protection

@: lethally poisoned (0 -> -3)
A: AC +5, unfitting armour, cold-blooded
a: no special abilities


You were on level 3 of the Dungeon.
You visited 1 branch of the dungeon, and saw 4 of its levels.

You collected 89 gold pieces.

Inventory:

Jewellery
 b - a ring of willpower (left hand)
 g - a +4 ring of protection (right hand)
 i - an amulet of faith
Scrolls
 c - a scroll of identify
 k - a scroll of enchant armour
Potions
 a - 2 potions of mutation
 f - 2 potions of magic
 j - a potion of ambrosia


   Skills:
 - Level 1.1 Fighting
 - Level 1.7 Dodging
 - Level 3.0 Unarmed Combat
 + Level 3.2 Spellcasting
 * Level 4.5 Transmutations
 * Level 0.1 Ice Magic
 - Level 1.0 Poison Magic


You had 2 spell levels left.
You knew the following spells:

 Your Spells              Type           Power      Damage    Failure   Level
a - Beastly Appendage     Tmut           30%        N/A       3%          1
b - Spider Form           Tmut/Pois      10%        N/A       21%         3
c - Ice Form              Ice/Tmut       8%         N/A       63%         4

Your spell library contained the following spells:

 Spells                   Type           Power      Damage    Failure   Level
 Wereblood                Tmut           15%        N/A       4%          2


Dungeon Overview and Level Annotations

Branches:
Dungeon (4/15)
 Temple: D:4-7

Altars:
Vehumet


Innate Abilities, Weirdness & Mutations

Your plain brown scales are hard. (AC +5)
You cannot fit into any form of body armour.
You are cold-blooded and may be slowed by cold attacks.


Message History

The ufetubus hits you but does no damage.
The ufetubus barely misses you.
The hornet stings you but does no damage.
The ufetubus closely misses you.
The ufetubus hits you but does no damage.
The ufetubus misses you. The ufetubus barely misses you.
You open the door. The hornet barely misses you. The ufetubus hits you.
The ufetubus hits you but does no damage.
The hornet stings you.
You suddenly lose the ability to move!
The ufetubus hits you but does no damage.
The ufetubus hits you. The hornet stings you!
* * * LOW HITPOINT WARNING * * *
You shrug off the repeated paralysis!
The ufetubus hits you but does no damage. x2
You can move again.
Unknown command.
Unknown command.
Unknown command.
The howler monkey hoots and howls with incredible vigour!
The hornet stings you.
* * * LOW HITPOINT WARNING * * *
You are lethally poisoned!
You feel yourself slow down.
You hear a bark!
You hear an angry hiss.
There is an open door here.
Blink to where?
Press: ? - help, Dir - move target
As you read the scroll of blinking, it crumbles to dust.
* * * LOW HITPOINT WARNING * * *
You feel very sick.
You feel yourself speed up.
* * * LOW HITPOINT WARNING * * *
You feel very sick.
* * * LOW HITPOINT WARNING * * *
You feel sick.
There is a stone staircase leading up here.
* * * LOW HITPOINT WARNING * * *
You feel sick.
You climb upwards.
You die...

#....# #.# #.####### #.#
#.##.# #.# #.# #.# #.##.# #.#
##'## #.# #.##.###.###...##
#.# #........##.....## ####.#
###..#####.......## ##....#
##...####.........####...####
#.......+.........'..........
##...####...@.....####...####
##..# ##.......###.....#
##.## ##...(.####...#.#
##...## ##...###.......#
##.....## ##'## #.......#
#.......# #.# #.......#
#......## #.# ###...###
#.#...## ###.#### #...#
#.##.## #......# ##.##


There were no monsters in sight!

Vanquished Creatures
  An iguana (D:3)
  A gnoll (D:1)
  6 adders
  2 worms
  3 dart slugs
  An orc (D:3)
  A ball python (D:2)
  6 endoplasms
  6 giant cockroaches
  8 goblins
  7 hobgoblins
  2 jackals (D:1)
  11 kobolds
  5 quokkas
  2 bats (D:1)
  A frilled lizard (D:1)
  11 rats
74 creatures vanquished.

Notes
Turn   | Place    | Note
-------+----------+-------------------------------------------
     0 | D:1      | kae the Draconian Transmuter began the quest for the Orb.
     0 | D:1      | Reached XP level 1. HP: 16/16 MP: 3/3
   317 | D:1      | Reached XP level 2. HP: 12/23 MP: 3/5
   877 | D:1      | Reached skill level 3 in Transmutations
   996 | D:1      | Reached XP level 3. HP: 25/28 MP: 6/6
  2323 | D:2      | Learned a level 3 spell: Spider Form
  2407 | D:2      | Reached XP level 4. HP: 19/35 MP: 8/8
  3107 | D:2      | Reached skill level 1 in Poison Magic
  3258 | D:2      | Reached skill level 4 in Transmutations
  3793 | D:3      | Reached XP level 5. HP: 40/40 MP: 5/9
  4084 | D:3      | Learned a level 4 spell: Ice Form
  4130 | D:3      | Found a radiant altar of Vehumet.
  4515 | D:4      | Noticed a hornet
  4533 | D:4      | Paralysed by a hornet for 2 turns
  4539 | D:4      | HP: 2/40 [poisoned by a hornet]
  4540 | D:3      | Succumbed to a hornet's poison

Illustrated notes

Levels and vault maps discovered:
D:1:      eino_arrival_cavern_d, layout_loops_corners
D:2:      layout_loops_cross, minmay_increasing_density
D:3:      layout_loops_corners, vehumet_crystals, minmay_statues_item
D:4:      layout_rooms, supply_closet_lemuel, minmay_box_of_dots

Skill      XL: |  1  2  3  4 |
---------------+-------------+-----
Transmutations | 3 4 |  4.5
Poison Magic   | 1 |  1.0
Spellcasting   | 3 |  3.2
Fighting       | |  1.1
Dodging        | |  1.7
Unarmed Combat | |  3.0
Ice Magic      | |  0.1

Action                   |  1- 3 |  4- 6 || total
-------------------------+-------+-------++-------
Melee: Unarmed           |   159 |   142 ||   301
       Kick              |    13 |    12 ||    25
       Tailslap          |    11 |    12 ||    23
       Headbutt          |     9 |    11 ||    20
       Punch             |       |     1 ||     1
 Cast: Beastly Appendage |    22 |    22 ||    44
       Spider Form       |       |     2 ||     2
  Use: Scroll            |     5 |     8 ||    13
Armor: Skin              |    52 |    59 ||   111
Dodge: Dodged            |   115 |   104 ||   219

Table legend: (Time is in decaauts)
 A = Elapsed time spent in this place.
 B = Non-inter-level travel time spent in this place.
 C = Inter-level travel time spent in this place.
 D = Time resting spent in this place.
 E = Time spent auto-exploring this place.
 F = Levels seen in this place.
 G = Mean time per level.
                   A        B        C        D        E       F      G
               +--------+--------+--------+--------+--------+-----+--------+
         Total |   4531 |   4407 |    124 |    299 |   3424 |   4 | 1132.8 |
       Dungeon |   4531 |   4407 |    124 |    299 |   3424 |   4 | 1132.8 |
               +--------+--------+--------+--------+--------+-----+--------+

Top non-repeatable levels by time:
     D:1: 1783 daAuts
     D:2: 1711 daAuts
     D:3: 1001 daAuts
     D:4: 34 daAuts
